 Dungeon Crawl Stone Soup version 0.29.0 (webtiles) character file.

Game seed: 10112216903742213532

127 PublicAnimeNo1 the Vexing (level 5, -5/28 HPs)
             Began as a Kobold Enchanter on Sept 9, 2022.
             Killed by divine providence
             ... invoked by an orc priest
              (13 damage)
             ... on level 3 of the Dungeon.
             The game lasted 00:06:51 (2517 turns).

PublicAnimeNo1 the Vexing (Kobold Enchanter)        Turns: 2517, Time: 00:06:52

Health: -5/28      AC:  2    Str:  5    XL:     5   Next: 33%
Magic:  5/8        EV: 15    Int: 18    God:
Gold:   193        SH:  0    Dex: 16    Spells: 6/8 levels left

rFire   x . .      SeeInvis .   q - +1 dagger (venom)
rCold   + . .      Faith    .   (no shield)
rNeg    . . .      Spirit   .   b - +0 robe
rPois   +          Reflect  .   (no helmet)
rElec   .          Harm     .   (no cloak)
rCorr   .          Rampage  .   (no gloves)
Will    .....                   (no boots)
Stlth   ++++......              (no amulet)
HPRegen 0.09/turn               e - ring of poison resistance
MPRegen 0.11/turn               m - ring of ice

@: studying Poison Magic
A: small, no large weapons, nightstalker 3
a: no special abilities


You were on level 3 of the Dungeon.
You visited 1 branch of the dungeon, and saw 3 of its levels.

You collected 193 gold pieces.

Inventory:

Hand Weapons
 q - a +1 dagger of venom (weapon)
Armour
 b - a +0 robe (worn)
 c - a +0 cloak
Jewellery
 d - an amulet of faith
 e - a ring of poison resistance (left hand)
 m - a ring of ice (right hand)
Scrolls
 f - a scroll of butterflies {unknown}
 g - a scroll of magic mapping {unknown}
 i - a scroll of identify
 n - a scroll of vulnerability {unknown}
 o - a scroll of teleportation {unknown}
Potions
 h - a potion of resistance
 j - 2 potions of curing
 k - a potion of might
 l - a potion of heal wounds
 p - a potion of mutation {unknown}


   Skills:
 + Level 4.0 Short Blades
 - Level 2.4 Dodging
 - Level 4.0 Stealth
 - Level 2.1 Spellcasting
 * Level 4.2 Hexes
 + Level 1.8 Ice Magic


You had 6 spell levels left.
You knew the following spells:

 Your Spells              Type           Power      Damage    Failure   Level
a - Ensorcelled Hibernat  Hex/Ice        38%        N/A       8%          2

Your spell library contained the following spells:

 Spells                   Type           Power      Damage    Failure   Level
 Confusing Touch          Hex            17%        N/A       10%         3
 Tukima's Dance           Hex            17%        N/A       10%         3
 Dazzling Flash           Conj/Hex       18%        N/A       22%         3
 Gell's Gravitas          Tloc           1%         N/A       47%         3
 Lesser Beckoning         Tloc           1%         N/A       47%         3
 Teleport Other           Tloc           1%         N/A       47%         3


Dungeon Overview and Level Annotations

Branches:
Dungeon (3/15)

Altars:
Sif Muna


Innate Abilities, Weirdness & Mutations

You are small and have problems with some larger weapons.
You are completely attuned to the shadows.


Message History

The orc priest shouts!
Things that are here:
a +0 club; an orc corpse You hit the orc priest.
The orc priest is severely wounded.
You hit the orc priest but do no damage.
The orc priest looks as sick as possible!
The orc priest is severely wounded.
The rat barely misses you.
The orc priest calls down the wrath of Beogh upon you.
Pain shoots through your body!
Aiming: Ensorcelled Hibernation (safe; 9% risk of failure)
Press: ? - help, Q - select action Shift-Dir - straight line, f/p - orc priest
Aim: an orc priest, wielding a +0 falchion (not susceptible)
Okay, then.
You closely miss the orc priest.
You kill the orc priest!
The orc priest hits you with a +0 falchion!
The rat closely misses you.
Your Short Blades skill increases to level 4!
You hit the orc priest.
The orc priest is poisoned.
The orc priest is lightly wounded.
The orc priest closely misses you. The rat barely misses you.
You hit the orc priest but do no damage.
The orc priest looks as sick as possible!
The orc priest is lightly wounded.
A rat comes into view.
The orc priest barely misses you. The rat bites you.
* * * LOW HITPOINT WARNING * * *
You hit the orc priest.
The orc priest looks as sick as possible!
The orc priest is heavily wounded.
You hit the orc priest.
The orc priest looks as sick as possible!
The orc priest is heavily wounded.
The orc priest casts a cantrip, but nothing happens.
The rat misses you.
The orc priest invokes the aid of Beogh against you.
Beogh smites you!
You die...

# # # ### #
...######### ##
...?.)##...## #.
...)r..)....#########.
..ro)@...........(..#.
.............#........
.............##)......
.#..........###.......
##...##....# #.......
## ####.# #.......
#.###....)..
##...#.)...#.
.....#.#.....#.


You could see an orc priest (extremely poisoned) and 2 rats.

Vanquished Creatures
  An orc priest (D:3)
  Jessica (D:2)
  An orc wizard (D:3)
  3 orcs (D:3)
  2 bats
  2 endoplasms (D:1)
  3 giant cockroaches
  4 goblins
  6 hobgoblins
  4 jackals (D:1)
  A quokka (D:1)
  4 ball pythons
  2 frilled lizards (D:2)
  4 kobolds
  4 rats
42 creatures vanquished.

Vanquished Creatures (others)
  3 plants (D:1)
  7 withered plants (D:1)
10 creatures vanquished.

Grand Total: 52 creatures vanquished

Notes
Turn   | Place    | Note
-------+----------+-------------------------------------------
     0 | D:1      | PublicAnimeNo1 the Kobold Enchanter began the quest for the
                  | Orb.
     0 | D:1      | Reached XP level 1. HP: 10/10 MP: 3/3
   210 | D:1      | Reached XP level 2. HP: 15/15 MP: 5/5
   216 | D:1      | Learned a level 2 spell: Ensorcelled Hibernation
   763 | D:1      | Reached XP level 3. HP: 18/19 MP: 1/6
   971 | D:1      | Found a faded altar of an unknown god.
  1247 | D:2      | Noticed Jessica
  1250 | D:2      | Killed Jessica
  1251 | D:2      | Reached skill level 1 in Ice Magic
  1251 | D:2      | Reached XP level 4. HP: 24/24 MP: 7/7
  2373 | D:3      | Found a shimmering blue altar of Sif Muna.
  2485 | D:3      | Reached XP level 5. HP: 28/28 MP: 8/8
  2517 | D:3      | Killed from afar by an orc priest

Illustrated notes

Levels and vault maps discovered:
D:1:      saegor_arrival_simple_a, layout_rooms,
          shapermc_ecumenical_altar_flowoftime, dk_noncrumbling_4,
          minmay_stone_trees_small, chequers_serial_rivers_micro_d,
          chequers_mini_garden
D:2:      minmay_door_path, layout_loops_ring, uniq_jessica
D:3:      layout_rooms, kennysheep_orc_sif_temple, kennysheep_generic_room_5,
          uniq_grinder

Skill      XL: |  1  2  3  4  5 |
---------------+----------------+-----
Short Blades   | 2 3 4 |  4.0
Ice Magic      | 1 |  1.8
Hexes          | 4 |  4.2
Dodging        | |  2.4
Stealth        | |  4.0
Spellcasting   | |  2.1

Action                   |  1- 3 |  4- 6 || total
-------------------------+-------+-------++-------
Melee: Dagger            |    48 |    53 ||   101
       Punch             |       |     1 ||     1
Throw: Throwing net      |     2 |       ||     2
 Cast: Ensorcelled Hiber |     3 |     8 ||    11
  Use: Potion            |     2 |     1 ||     3
       Scroll            |       |     3 ||     3
 Stab: Sleeping          |    13 |    11 ||    24
       Invisible         |     3 |       ||     3
Armor: Robe              |     1 |     6 ||     7
Dodge: Dodged            |    34 |    38 ||    72
